 Dungeon Crawl Stone Soup version 0.27.0-1-g7a089689b8 (webtiles) character file.

Game seed: 2674941876797623317

27 Strat the Chopper (level 2, 0/26 HPs)
             Began as a Minotaur Gladiator on Aug 11, 2021.
             Succumbed to an adder's poison
             ... on level 2 of the Dungeon.
             The game lasted 00:00:59 (183 turns).

Strat the Chopper (Minotaur Gladiator)               Turns: 183, Time: 00:00:59

Health: 0/26       AC:  5    Str: 18    XL:     2   Next: 93%
Magic:  1/1        EV: 11    Int:  5    God:
Gold:   37         SH:  0    Dex: 11    Spells: 1/1 levels left

rFire    . . .     SeeInvis .   a - +0 war axe
rCold    . . .     Faith    .   (no shield)
rNeg     . . .     Spirit   .   f - +0 ring mail
rPois    .         Reflect  .   c - +0 hat
rElec    .         Harm     .   (no cloak)
rCorr    .         Rampage  .   (no gloves)
Will     .....                  (no boots)
Stlth    +.........             (no amulet)
HPRegen  0.08/turn              (no ring)
MPRegen  0.07/turn              (no ring)

@: lethally poisoned (0 -> -4)
A: horns 2, retaliatory headbutt
a: no special abilities


You were on level 2 of the Dungeon.
You visited 1 branch of the dungeon, and saw 2 of its levels.

You collected 37 gold pieces.

Inventory:

Hand Weapons
 a - a +0 war axe (weapon)
Missiles
 d - 3 throwing nets (quivered)
Armour
 b - a +0 leather armour
 c - a +0 hat (worn)
 f - a +0 ring mail (worn)
Scrolls
 e - a scroll of teleportation {unknown}


   Skills:
 + Level 3.1 Fighting
 * Level 4.6 Axes
 - Level 2.0 Throwing
 - Level 3.2 Dodging


You had one spell level left.
You didn't know any spells.
Your spell library was empty.

Dungeon Overview and Level Annotations

Branches:
Dungeon (2/15)

Altars:


Innate Abilities, Weirdness & Mutations

You have a pair of horns on your head.
You reflexively headbutt those who attack you in melee.


Message History

You kill the goblin!
Robin hits you with a +0 whip.
* * * LOW HITPOINT WARNING * * *
You slash Robin!
Robin is severely wounded.
Robin hits you with a +0 whip.
* * * LOW HITPOINT WARNING * * *
A hobgoblin comes into view.
Robin barely misses you.
The hobgoblin shouts!
You slash Robin!
You kill Robin!
Your Fighting skill increases to level 3!
You closely miss the hobgoblin.
The hobgoblin no longer looks unusually strong.
The hobgoblin barely misses you.
You slash the hobgoblin!
You kill the hobgoblin!
A goblin comes into view. It is wielding a +0 dagger.
Items here: ! ) [[.
Unknown command.
You see here a +0 dagger.
You open the door. The hobgoblin misses you.
There is an open door here.
The hobgoblin no longer looks unusually strong.
The goblin no longer looks unusually strong.
An adder comes into view.
The adder hisses angrily.
The adder closely misses you.
Found a spear.
The adder bites you but does no damage. The adder bites you.
* * * LOW HITPOINT WARNING * * *
You are lethally poisoned!
The adder poisons you!
* * * LOW HITPOINT WARNING * * *
You feel sick.
You miss the adder. You headbutt the adder.
The adder is lightly wounded.
You die...

#†......# .# #.##.##.#
.# . #.# ....# ..#.. #
#.####..###....#..
#.#.................
.######..######....
..#..#††..........
#.#..#...#........
#@#..#...#........
#S#).#............
#.g..#.#..........
#.###g##.#######....
#.#....#.# ####
#.#g#..#.#
###.#.#..#.#
#.....#..#.#
#.....####.###########


You could see an adder, a hobgoblin and a goblin.

Vanquished Creatures
  Robin (D:2)
  A ball python (D:1)
  An endoplasm (D:2)
  5 goblins (D:2)
  4 hobgoblins (D:2)
  A frilled lizard (D:2)
  A rat (D:2)
14 creatures vanquished.

Notes
Turn   | Place    | Note
-------+----------+-------------------------------------------
     0 | D:1      | Strat the Minotaur Gladiator began the quest for the Orb.
     0 | D:1      | Reached XP level 1. HP: 18/18 MP: 0/0
    44 | D:2      | Reached skill level 4 in Axes
   123 | D:2      | Reached XP level 2. HP: 23/25 MP: 1/1
   128 | D:2      | Noticed Robin
   156 | D:2      | Killed Robin
   182 | D:2      | HP: 1/26 [poisoned by an adder]
   183 | D:2      | Succumbed to an adder's poison

Illustrated notes

Levels and vault maps discovered:
D:1:      dpeg_arrival_water_altar, layout_rooms, basic_ecumenical_altar
D:2:      layout_basic, minmay_tripent, uniq_terence, uniq_robin, uniq_sigmund

Skill      XL: |  1  2 |
---------------+-------+-----
Axes           | 4 |  4.6
Fighting       | 3 |  3.1
Throwing       | |  2.0
Dodging        | |  3.2

Action                   || total
-------------------------++-------
Melee: War axe           ||    25
       Headbutt          ||     2
 Stab: Sleeping          ||     1
Armor: Leather armour    ||     1
       Ring mail         ||     3
Dodge: Dodged            ||    11
